 Dungeon Crawl Stone Soup version 0.31-a0-217-g58bb5d79cf (webtiles) character file.

Game seed: 16048659127189776556

67 qw the Shooter (level 4, -4/36 HPs)
             Began as a Minotaur Hexslinger on July 2, 2023.
             Killed by divine providence
             ... invoked by an orc priest
              (10 damage)
             ... on level 3 of the Dungeon.
             The game lasted 00:00:33 (1280 turns).

qw the Shooter (Minotaur Hexslinger)                Turns: 1280, Time: 00:00:34

Health: -4/36      AC:  6    Str: 12    XL:     4   Next: 0%
Magic:  4/4        EV: 11    Int: 10    God:
Gold:   83         SH:  0    Dex: 15    Spells: 4/5 levels left

rFire   . . .        Y - +1 sling
rCold   . . .        (no shield)
rNeg    . . .        f - +0 ring mail
rPois   .            (helmet restricted)
rElec   .            (no cloak)
rCorr   .            (no gloves)
SInv    .            i - +0 pair of boots
Will    .....        e - amulet of faith
Stlth   +            (no ring)
HPRegen 0.26/turn    (no ring)
MPRegen 0.09/turn

%: faith
@: no status effects
A: horns 2, retaliatory headbutt
a: no special abilities


You were on level 3 of the Dungeon.
You visited 1 branch of the dungeon, and saw 3 of its levels.

You collected 83 gold pieces.


Innate Abilities, Weirdness & Mutations

You have a pair of horns on your head.
You reflexively headbutt those who attack you in melee.


   Skills:
 - Level 2.0 Fighting
 + Level 4.3 Ranged Weapons
 - Level 1.0 Armour
 - Level 2.1 Dodging
 - Level 1.0 Spellcasting
 - Level 2.0 Hexes


You had 4 spell levels left.
You knew the following spells:

 Your Spells              Type           Power      Damage    Failure   Level
a - Slow                  Hex            16%        N/A       34%         1

Your spell library contained the following spells:

 Spells                   Type           Power      Damage    Failure   Level
 Inner Flame              Hex/Fire       2%         N/A       83%         3
 Portal Projectile        Hex/Tloc       4%         N/A       83%         3
 Cause Fear               Hex            2%         N/A       98%         4

Inventory:

Hand Weapons
 Y - a +1 sling (weapon)
Armour
 f - a +0 ring mail (worn)
 i - a +0 pair of boots (worn)
Jewellery
 e - an amulet of faith (around neck)
Scrolls
 b - a scroll of identify
Potions
 a - a potion of curing {unknown}
 c - a potion of haste
 g - a potion of might

Dungeon Overview and Level Annotations

Branches:
Dungeon (3/15)

Altars:


Message History

The orc is severely wounded.
The orc hits you with a +0 hand axe.
You shoot a sling bullet. The sling bullet hits the orc.
You kill the orc!
You have reached level 4!
You feel agile.
You shoot a sling bullet. The sling bullet hits the orc priest.
The orc priest is heavily wounded.
The orc priest calls down the wrath of Beogh upon you.
Beogh smites you! The orc priest hits you with a +0 whip.
You shoot a sling bullet.
The sling bullet closely misses the orc priest.
The orc priest hits you but does no damage.
You shoot a sling bullet.
The sling bullet closely misses the orc priest.
The orc priest hits you but does no damage.
You shoot a sling bullet.
The sling bullet closely misses the orc priest.
The orc priest miscasts a cantrip.
You shoot a sling bullet.
The sling bullet barely misses the orc priest.
The orc priest hits you but does no damage.
An orc comes into view. It is wielding a +0 club.
The orc priest calls down the wrath of Beogh upon you.
You barely resist. You shoot a sling bullet. The orc shouts!
The sling bullet hits the orc priest.
The orc priest is heavily wounded.
The orc priest barely misses you. You furiously retaliate!
You headbutt the orc priest, but do no damage.
You shoot a sling bullet. The sling bullet hits the orc priest.
The orc priest is severely wounded.
The orc priest hits you with a +0 whip.
You shoot a sling bullet.
The sling bullet closely misses the orc priest.
The sling bullet hits the orc.
The orc is almost dead.
The orc priest mumbles some strange prayers to Beogh against you.
Beogh smites you!
You die...

#.#####.<.##
...........##
#..##..<....#
............#
#..##.......###
###. #..........
.##.. #.......###
......###..)....#
...o..o@........#
###.#####.......#
#.......#
#.........
####....#. ###..
..


You could see an orc priest and an orc.

Vanquished Creatures
  2 adders (D:2)
  3 dart slugs
  3 orcs (D:3)
  2 endoplasms (D:2)
  A giant cockroach (D:1)
  4 goblins
  4 hobgoblins
  4 jackals (D:2)
  2 quokkas
  3 ball pythons
  3 bats
  A frilled lizard (D:2)
  A kobold (D:2)
  5 rats
38 creatures vanquished.

Notes
Turn   | Place    | Note
-------+----------+-------------------------------------------
     0 | D:1      | qw the Minotaur Hexslinger began the quest for the Orb.
     0 | D:1      | Reached XP level 1. HP: 16/16 MP: 1/1
     0 | D:1      | 0 ||| qw: Version: 0.3-a-40-ge99b1a8
     0 | D:1      | 0 ||| qw: Game counter: 8009
     0 | D:1      | 0 ||| qw: Melee chars always use a shield: true
     0 | D:1      | 0 ||| qw: God list: Okawaru
     0 | D:1      | 0 ||| qw: Allow faded altars: false
     0 | D:1      | 0 ||| qw: Do Orc after clearing Dungeon:15 true
     0 | D:1      | 0 ||| qw: Do second Lair branch before Depths: true
     0 | D:1      | 0 ||| qw: Lair rune preference: random
     0 | D:1      | 0 ||| qw: Goals: Normal
     0 | D:1      | 0 ||| PLANNING D:1-11
   164 | D:1      | Reached skill level 3 in Ranged Weapons
   164 | D:1      | Reached XP level 2. HP: 23/23 MP: 2/2
   461 | D:1      | 461 ||| UPGRADING to +0 leather armour.
   471 | D:1      | 471 ||| DROPPING +0 robe.
   472 | D:1      | 472 ||| UPGRADING to +0 ring mail.
   482 | D:1      | 482 ||| DROPPING +0 leather armour.
   483 | D:1      | 483 ||| UPGRADING to +0 pair of boots.
   488 | D:1      | 488 ||| UPGRADING to amulet of faith.
   493 | D:1      | 493 ||| READING scroll labelled RANOUQ FUZOOXERA.
   494 | D:1      | 494 ||| DRINKING 2 smoky brown potions.
   495 | D:1      | 495 ||| DROPPING scroll of poison.
   550 | D:2      | 550 ||| FLEEEEING.
   551 | D:2      | 551 ||| FLEEEEING.
   552 | D:2      | 552 ||| FLEEEEING.
   554 | D:2      | 554 ||| STAIRDANCE
   611 | D:2      | Reached XP level 3. HP: 17/29 MP: 3/3
   813 | D:2      | Reached skill level 4 in Ranged Weapons
   990 | D:2      | Reached skill level 1 in Armour
  1239 | D:2      | 1239 ||| READING scroll labelled GAOJOE KIRAN.
  1240 | D:2      | 1240 ||| READING scroll labelled NODAFA VESOMM.
  1245 | D:2      | 1245 ||| READING 2 scrolls of identify.
  1245 | D:2      | 1245 ||| IDENTIFYING orange potion
  1273 | D:3      | Reached XP level 4. HP: 25/36 MP: 4/4
  1273 | D:3      | HP: 7/36 [orc priest/+0 whip (3)]
  1279 | D:3      | HP: 6/36 [orc priest/+0 whip (3)]
  1280 | D:3      | Killed from afar by an orc priest

Levels and vault maps discovered:
D:1:      onia_arrival_pyramid, layout_basic
D:2:      layout_loops_ring, kennysheep_generic_room_14
D:3:      layout_loops_ring, uniq_natasha

Skill      XL: |  1  2  3 |
---------------+----------+-----
Ranged Weapons | 3 4 |  4.3
Fighting       | 2 |  2.0
Armour         | 1 |  1.0
Dodging        | |  2.1
Spellcasting   | |  1.0
Hexes          | |  2.0

Action                     |  1- 3 |  4- 6 || total
---------------------------+-------+-------++-------
   Fire: Sling             |   123 |     8 ||   131
    Use: Scroll            |     4 |       ||     4
         Potion            |     1 |       ||     1
 Armour: Robe              |     1 |       ||     1
         Ring mail         |    20 |     3 ||    23
  Dodge: Dodged            |    38 |     1 ||    39

Table legend:
 A = Non-vault XP
 B = Vault XP
 C = Vault XP percentage of total XP
 D = Non-vault monster count
 E = Vault monster count
 F = Vault count percentage of total count
                 A         B        C        D         E       F
            +---------+---------+-------+---------+---------+-------
      Total |      97 |       0 |   0.0 |      38 |       0 |   0.0
            +---------+---------+-------+---------+---------+-------
        D:1 |      23 |       0 |   0.0 |      12 |       0 |   0.0
        D:2 |      65 |       0 |   0.0 |      23 |       0 |   0.0
        D:3 |       9 |       0 |   0.0 |       3 |       0 |   0.0
            +---------+---------+-------+---------+---------+-------
